 Dungeon Crawl Stone Soup version 0.26-a0-1060-g086102a3f0 (webtiles) character file.

Game seed: 9904052128288828335

19 sahdkjhfkaj the Chopper (level 2, -1/27 HPs)
             Began as a Hill Orc Monk on Dec 13, 2020.
             Slain by a goblin
             ... wielding a +0 short sword
              (7 damage)
             ... on level 1 of the Dungeon.
             The game lasted 00:00:36 (583 turns).

sahdkjhfkaj the Chopper (Hill Orc Monk)              Turns: 583, Time: 00:00:37

Health: -1/27      AC:  2    Str: 13    XL:     2   Next: 75%
Magic:  2/2        EV: 12    Int: 10    God:
Gold:   4          SH:  4    Dex: 13    Spells: 1/1 levels left

rFire    . . .     SeeInvis .   a - +0 hand axe
rCold    . . .     Faith    .   c - +0 buckler
rNeg     . . .     Spirit   .   b - +0 robe
rPois    .         Reflect  .   (no helmet)
rElec    .         Harm     .   (no cloak)
rCorr    .         Rampage  .   (no gloves)
Will     .....                  (no boots)
Stlth    ++........             (no amulet)
HPRegen  0.09/turn              (no ring)
MPRegen  0.08/turn              (no ring)

@: no status effects
A: no striking features
a: no special abilities


You were on level 1 of the Dungeon.
You visited 1 branch of the dungeon, and saw 1 of its levels.

You collected 4 gold pieces.

Inventory:

Hand Weapons
 a - a +0 hand axe (weapon)
Armour
 b - a +0 robe (worn)
 c - a +0 buckler (worn)
   (You found it on level 1 of the Dungeon)
 d - a scarf of resistance
   (You found it on level 1 of the Dungeon)
Potions
 e - a potion of degeneration {unknown}


   Skills:
 - Level 3.6 Fighting
 - Level 4.1 Axes
 - Level 0.1 Armour
 - Level 2.4 Dodging
 - Level 1.5 Stealth
 + Level 2.3 Shields


You had one spell level left.
You didn't know any spells.
Your spell library was empty.

Dungeon Overview and Level Annotations

Branches:
Dungeon (1/15)

Altars:


Message History

Found an escape hatch in the floor.
A hobgoblin is nearby!
A hobgoblin is nearby!
A hobgoblin is nearby!
Found a dented amethyst amulet.
A frilled lizard, a rat and a hobgoblin come into view.
Found a scroll labelled BEECIU RAKKU.
The hobgoblin shouts!
The frilled lizard hisses angrily.
The hobgoblin shouts!
You hit the hobgoblin. The hobgoblin hits you.
You barely miss the hobgoblin. The hobgoblin hits you.
You barely miss the hobgoblin. You closely miss the rat.
You block the rat's attack. The hobgoblin barely misses you.
You hit the hobgoblin but do no damage. x2; You hit the rat.
You kill the rat!
The hobgoblin hits you. The hobgoblin misses you.
You closely miss the hobgoblin. You hit the hobgoblin but do no damage.
You barely miss the frilled lizard. You block the frilled lizard's attack.
The hobgoblin hits you. You block the hobgoblin's attack.
You hit the hobgoblin. You closely miss the hobgoblin.
You hit the frilled lizard but do no damage.
The frilled lizard misses you. You block the hobgoblin's attack.
The hobgoblin hits you. The frilled lizard bites you. The hobgoblin hits you.
* * * LOW HITPOINT WARNING * * *
You hit the hobgoblin. x2
You kill the hobgoblin!
You hit the frilled lizard. You block the frilled lizard's attack.
The hobgoblin misses you.
Unknown command.
You hit the hobgoblin.
You kill the hobgoblin!
You hit the frilled lizard.
You kill the frilled lizard!
Unknown command.
Unknown command.
A goblin comes into view. It is wielding a +0 short sword.
A goblin is nearby!
A goblin is nearby!
The goblin shouts!
The goblin hits you with a +0 short sword.
You closely miss the goblin.
The goblin hits you with a +0 short sword.
* * * LOW HITPOINT WARNING * * *
The goblin barely misses you.
You closely miss the goblin.
The goblin hits you with a +0 short sword.
* * * LOW HITPOINT WARNING * * *
Your shield prevents you from hitting the goblin.
The goblin hits you with a +0 short sword!
You die...

#.# #.......#
##.######....##
##...."........#
#...........##.#
#......†....#
..#
#....)......#
#.#
#...........# ..
##........>.##
$( #....@.......
#....g...#.#.#
#.......##?#.#
#.......# #
#..^....#
#####.... ......
###....


You could see a goblin.

Vanquished Creatures
  3 bats (D:1)
  A goblin (D:1)
  8 hobgoblins (D:1)
  2 frilled lizards (D:1)
  2 kobolds (D:1)
  A rat (D:1)
17 creatures vanquished.

Notes
Turn   | Place    | Note
-------+----------+-------------------------------------------
     0 | D:1      | sahdkjhfkaj the Hill Orc Monk began the quest for the Orb.
     0 | D:1      | Reached XP level 1. HP: 19/19 MP: 1/1
   250 | D:1      | Reached skill level 1 in Shields
   251 | D:1      | Reached XP level 2. HP: 17/27 MP: 2/2
   583 | D:1      | Slain by a goblin

Illustrated notes

Levels and vault maps discovered:
D:1:      minmay_arrival_three_doors, layout_basic, st_stairs_9,
          grunt_decor_arrowhead, dk_noncrumbling_2, minmay_pentomino_s2

Skill      XL: |  1  2 |
---------------+-------+-----
Shields        | 1 2 |  2.3
Fighting       | |  3.6
Axes           | |  4.1
Armour         | |  0.1
Dodging        | |  2.4
Stealth        | |  1.5

Action                   || total
-------------------------++-------
Melee: Hand axe          ||    50
 Stab: Sleeping          ||     3
Armor: Robe              ||    10
Dodge: Dodged            ||    33
Block: Buckler           ||    11

Table legend: (Time is in decaauts)
 A = Elapsed time spent in this place.
 B = Non-inter-level travel time spent in this place.
 C = Inter-level travel time spent in this place.
 D = Time resting spent in this place.
 E = Time spent auto-exploring this place.
 F = Levels seen in this place.
 G = Mean time per level.
                   A        B        C        D        E       F      G
               +--------+--------+--------+--------+--------+-----+--------+
         Total |    589 |    589 |      0 |     76 |    390 |   1 |  589.0 |
       Dungeon |    589 |    589 |      0 |     76 |    390 |   1 |  589.0 |
               +--------+--------+--------+--------+--------+-----+--------+

Top non-repeatable levels by time:
     D:1: 589 daAuts
